 Dungeon Crawl Stone Soup version 0.23.1-37-gaa34b87 (webtiles) character file.

Game seed: 312528717656477067

1530 Fang the Skirmisher (level 8, -10/52 HPs)
             Began as a Gargoyle Berserker on Mar 20, 2019.
             Was an Elder of Trog.
             Mangled by a tengu warrior
             ... wielding a +0 great mace of protection
              (19 damage)
             ... on level 5 of the Dungeon.
             The game lasted 00:05:54 (6014 turns).

Fang the Skirmisher (Gargoyle Berserker)            Turns: 6014, Time: 00:05:55

Health: -10/52     AC: 15    Str: 24    XL:     8   Next: 85%
Magic:  8/8        EV: 10    Int:  7    God:    Trog [****..]
Gold:   272        SH:  0    Dex:  9    Spells: 7/7 levels left

rFire    . . .     SeeInvis .   a - +0 hand axe
rCold    . . .     Gourm    .   (no shield)
rNeg     + + .     Faith    .   s - +0 chain mail
rPois    ∞         Spirit   .   (no helmet)
rElec    +         Reflect  .   w - scarf {repulsion}
rCorr    .         Harm     .   (no gloves)
MR       .....                  (no boots)
Stlth    ..........             (no amulet)
HPRegen  0.17/turn              p - ring of attention (curse)
MPRegen  0.11/turn              t - ring of positive energy

@: berserk cooldown, slowed, repel missiles, very slow
A: negative energy resistance 1, electricity resistance, unbreathing,
petrification resistance, rot immunity, AC +5
a: Berserk, Trog's Hand, Brothers in Arms, Renounce Religion


You were on level 5 of the Dungeon.
You worshipped Trog.
Trog was greatly pleased with you.
You were very hungry.

You visited 2 branches of the dungeon, and saw 6 of its levels.
You also visited: Sewer.

You collected 272 gold pieces.

Inventory:

Hand Weapons
 a - a +0 hand axe (weapon)
Armour
 s - a +0 chain mail (worn)
 w - a scarf of repulsion (worn)
Jewellery
 p - a cursed ring of attention (left hand)
 t - a ring of positive energy (right hand)
Scrolls
 b - a scroll of fear {unknown}
 d - a scroll of enchant armour {unknown}
 e - 2 scrolls of blinking {unknown}
 f - 9 scrolls of identify {unknown}
 g - a scroll of amnesia {unknown}
 h - 3 scrolls of fog {unknown}
 i - a scroll of noise {unknown}
 l - a scroll of enchant weapon {unknown}
 m - 4 scrolls of remove curse {unknown}
 q - 7 scrolls of teleportation {unknown}
 u - 2 scrolls of magic mapping {unknown}
Potions
 j - 2 potions of degeneration {unknown}
 k - 2 potions of curing {unknown}
 n - 3 potions of brilliance {unknown}
 o - a potion of flight {unknown}
 r - 2 potions of heal wounds {unknown}
 v - 2 potions of might {unknown}
Comestibles
 c - 8 rations


   Skills:
 + Level 6.7 Fighting
 + Level 5.5 Axes
 + Level 6.2 Armour
 + Level 4.7 Dodging


You had 7 spell levels left.
You didn't know any spells.
Your spell library was empty.

Dungeon Overview and Level Annotations

Branches:
Dungeon (5/15)             Temple (1/1) D:4

Altars:
Fedhas
Nemelex Xobeh
Xom


Innate Abilities, Weirdness & Mutations

You are resistant to torment.
Your stone body is resilient. (AC +5)
You are immune to poison.
You resist negative energy. (rN+)
You are resistant to electric shocks. (rElec)
You can survive without breathing.
You are immune to petrification.
You are immune to rotting.


Message History

The tengu warrior is moderately wounded.
The tengu warrior closely misses you. x2; The tengu warrior barely misses you.
You hit the tengu warrior but do no damage.
The tengu warrior is moderately wounded.
The tengu warrior hits you with a +0 great mace of protection.
* * * LOW HITPOINT WARNING * * *
The tengu warrior pecks you but does no damage.
The tengu warrior claws you but does no damage.
The tengu warrior completely misses you.
The tengu warrior closely misses you.
The tengu warrior claws you but does no damage.
Your chain mail prevents you from hitting the tengu warrior.
The tengu warrior is moderately wounded.
The tengu warrior hits you but does no damage.
The tengu warrior closely misses you.
The tengu warrior claws you but does no damage.
You miss the tengu warrior.
The tengu warrior is moderately wounded.
The tengu warrior hits you with a +0 great mace of protection!!
You die...

..# #.####.....####..# ..#
#.# ##...##..#..# ..# #.#
##.##...#..# ..#### #.##
#.#...##..# #>...######..##
+#.#'.##...#
####..........###...###....#
...#.#####........8........#
##.#.# ##...###...###...##
#.#.# #..##Q@#.#'.##..#
#.#.# #.##..)#.#...##.#
#.#.# #.#...##.##...#.#
#.#.# #.#).##...##..#.#
#.#.# #.####.....####.#
##.#.# #...............#
#..#.# ########.########
#.##.#############.#
#.##...............#


You could see a tengu warrior.

Vanquished Creatures
  A yak (D:5)
  2 ice beasts (D:5)
  An ogre (D:5)
  3 big kobolds (Sewer)
  2 scorpions
  A water moccasin skeleton (D:5)
  2 howler monkeys
  3 hounds (D:5)
  A centaur zombie (D:5)
  3 orc priests
  Terence (D:2)
  An iguana (D:4)
  An orc wizard (D:3)
  2 worker ants
  A killer bee zombie (D:5)
  A hound skeleton (D:4)
  A worker ant zombie (D:3)
  11 adders
  4 river rats (Sewer)
  A shadow imp (D:5)
  5 oozes (Sewer)
  An adder zombie (D:5)
  9 worms
  3 dart slugs
  3 leopard geckos
  12 orcs
  6 bats
  5 giant cockroaches
  9 goblins
  5 hobgoblins
  12 kobolds
  2 quokkas
  4 ball pythons
  5 frilled lizards
  9 rats
133 creatures vanquished.

Notes
Turn   | Place    | Note
-------+----------+-------------------------------------------
     0 | D:1      | Fang the Gargoyle Berserker began the quest for the Orb.
     0 | D:1      | Reached XP level 1. HP: 14/14 MP: 1/1
   112 | D:1      | Reached XP level 2. HP: 17/19 MP: 2/2
   456 | D:1      | Reached XP level 3. HP: 16/23 MP: 3/3
   701 | D:1      | Found a shimmering altar of Xom.
  1108 | D:2      | Reached ** piety under Trog
  1240 | D:2      | Reached XP level 4. HP: 23/29 MP: 4/4
  1245 | D:2      | Noticed Terence
  1261 | D:2      | Killed Terence
  2194 | D:3      | Reached XP level 5. HP: 26/33 MP: 5/5
  2675 | D:3      | Reached XP level 6. HP: 34/39 MP: 6/6
  3150 | D:4      | Found a glowing drain.
  3175 | Sewer    | Entered a sewer
  3233 | Sewer    | Reached *** piety under Trog
  3309 | Sewer    | Reached skill level 5 in Fighting
  3550 | Sewer    | Reached XP level 7. HP: 35/44 MP: 7/7
  3965 | D:4      | Found a staircase to the Ecumenical Temple.
  4027 | Temple   | Entered the Ecumenical Temple
  4080 | D:4      | Found a sparkling altar of Nemelex Xobeh.
  4428 | D:4      | Found a blossoming altar of Fedhas.
  4537 | D:4      | Reached skill level 5 in Armour
  4916 | D:5      | Entered Level 5 of the Dungeon
  4933 | D:5      | Reached XP level 8. HP: 49/51 MP: 8/8
  5017 | D:5      | Reached **** piety under Trog
  5044 | D:5      | Found a shimmering altar of Xom.
  5188 | D:5      | Noticed a yak
  5291 | D:5      | Reached skill level 5 in Axes
  5477 | D:5      | Killed a yak
  5991 | D:5      | Noticed a tengu warrior
  6014 | D:5      | Mangled by a tengu warrior

Skill      XL: |  1  2  3  4  5  6  7  8 |
---------------+-------------------------+-----
Axes           | 3 4 5 |  5.5
Dodging        | 2 3 4 |  4.7
Fighting       | 4 5 6 |  6.7
Armour         | 3 4 5 6 |  6.2

Action                   |  1- 3 |  4- 6 |  7- 9 || total
-------------------------+-------+-------+-------++-------
Melee: Hand axe          |   123 |   290 |   323 ||   736
Invok: Berserk           |     1 |     2 |     2 ||     5
  Eat: Chunk             |     2 |    10 |     9 ||    21
Armor: Animal skin       |    52 |     1 |       ||    53
       Scale mail        |       |   137 |    68 ||   205
       Chain mail        |       |       |   139 ||   139
Dodge: Dodged            |   119 |   138 |   187 ||   444
       Deflected         |       |       |     1 ||     1
